 Dungeon Crawl Stone Soup version 0.29-a0-468-ge57f7f99b4 (webtiles) character file.

Game seed: 9349714158560349451

543 happo123 the Ducker (level 7, -5/49 HPs)
             Began as a Djinni Earth Elementalist on May 21, 2022.
             Slain by a lemure (6 damage)
             ... led by Pikel
             ... on level 4 of the Dungeon.
             The game lasted 00:23:46 (3004 turns).

happo123 the Ducker (Djinni Earth Elementalist)     Turns: 3004, Time: 00:23:46

Health: -5/49      AC:  6    Str:  7    XL:     7   Next: 52%
Gold:   363        EV: 13    Int: 19    God:
                   SH:  0    Dex: 13

rFire   + + .      SeeInvis .   x - +9 trident "Muntook" {freeze, rElec}
rCold   x . .      Faith    .   (no shield)
rNeg    . . .      Spirit   .   b - +0 robe
rPois   ∞          Reflect  .   (no helmet)
rElec   +          Harm     .   p - +2 cloak
rCorr   .          Rampage  .   j - +0 pair of gloves
Will    .....                   (boots unavailable)
Stlth   ++........              (no amulet)
HPRegen 0.16/turn               (no ring)
MPRegen 0.00/turn               (no ring)

@: flying, very slightly contaminated
A: sickness immunity, fire resistance 2, cold vulnerability 1, float, innate
caster, HP casting, extra vitality 1
a: no special abilities


You were on level 4 of the Dungeon.
You visited 1 branch of the dungeon, and saw 4 of its levels.

You collected 363 gold pieces.

Inventory:

Hand Weapons
 x - the +9 trident "Muntook" (weapon) {freeze, rElec}
   (You found it on level 4 of the Dungeon)

   It freezes those it strikes, dealing additional cold damage.
   It can also slow down cold-blooded creatures.
   rElec:     It insulates you from electricity.
Missiles
 a - 13 stones
Armour
 b - a +0 robe (worn)
 j - a +0 pair of gloves (worn)
 n - a +0 leather armour
 p - a +2 cloak (worn)
 u - a scarf of invisibility
Wands
 r - a wand of iceblast (11)
 v - a wand of mindburst (17)
Scrolls
 c - a scroll of acquirement {unknown}
 e - 5 scrolls of identify {unknown}
 f - a scroll of vulnerability {unknown}
 h - a scroll of fog {unknown}
 i - 3 scrolls of teleportation {unknown}
 k - 2 scrolls of blinking {unknown}
 l - 2 scrolls of enchant armour {unknown}
 s - a scroll of noise {unknown}
 t - a scroll of enchant weapon {unknown}
 y - 3 scrolls of immolation {unknown}
Potions
 d - a potion of degeneration {unknown}
 g - 2 potions of might {unknown}
 m - 3 potions of berserk rage {unknown}
 o - 2 potions of curing
 q - a potion of brilliance {unknown}
 w - a potion of haste {unknown}


   Skills:
 + Level 2.1 Fighting
 * Level 4.6 Dodging
 * Level 3.8 Stealth
 + Level 2.0 Unarmed Combat
 * Level 3.7 Spellcasting
 + Level 0.5 Evocations


You couldn't memorise any spells.
You knew the following spells:

 Your Spells              Type           Power      Damage    Failure   Level
a - Sandblast             Erth           34%        2d9       3%          1
b - Passwall              Tmut/Erth      14%        N/A       4%          2
c - Stone Arrow           Conj/Erth      34%        3d9       10%         3
d - Petrify               Tmut/Erth      17%        N/A       30%         4
e - Slow                  Hex            68%        N/A       3%          1
f - Poisonous Vapours     Pois/Air       34%        N/A       4%          2
g - Call Imp              Summ           17%        N/A       4%          2
Your spell library was empty.

Dungeon Overview and Level Annotations

Branches:
Dungeon (4/15)
 Temple: D:4-7

Altars:
Ashenzari
Yredelemnul

Annotations:
D:4 Pikel


Innate Abilities, Weirdness & Mutations

You are immune to sickness and miasma.
You are immune to poison.
Your flesh is very heat resistant. (rF++)
You are vulnerable to cold. (rC-)
You float through the air rather than walking.
You learn spells naturally, not from books.
Your magical power is your life essence.
You have superior vitality. (+4 MHP)


Message History

Press: ? - help, Q - select action, (/) - cycle Shift-Dir - straight line, f - lemure
Aim: a lemure (60% to hit)
The stone arrow misses the lemure.
Reach: x) +9 trident "Muntook" {freeze, rElec}
Press: ? - help, Dir - move target, f/p - lemure
Aim: a lemure (about 39% to evade the +9 trident "Muntook")
You reach to attack!
You closely miss the lemure.
Reach: x) +9 trident "Muntook" {freeze, rElec}
Press: ? - help, Dir - move target, f/p - lemure
Aim: a lemure (about 39% to evade the +9 trident "Muntook")
You barely miss the lemure. The lemure completely misses you.
You puncture the lemure! You freeze the lemure.
The lemure is heavily wounded.
You barely miss the lemure. The lemure hits you. x2
The lemure closely misses you. The lemure hits you.
You hit the lemure. You freeze the lemure.
The lemure is lightly wounded.
The lemure hits you. The lemure misses you.
You closely miss the lemure.
The lemure is heavily wounded.
The lemure barely misses you. The lemure hits you!
You hit the lemure. You freeze the lemure.
The lemure is severely wounded.
The lemure barely misses you. x2; The lemure hits you.
The lemure barely misses you.
Aiming: Stone Arrow (dangerous; 10% risk of failure)
Press: ? - help, Q - select action, (/) - cycle Shift-Dir - straight line, f/p - lemure
Aim: a lemure (severely wounded, 60% to hit)
You miscast Stone Arrow.
You are very lightly contaminated with residual magic.
Nothing appears to happen.
The lemure hits you!
* * * LOW HITPOINT WARNING * * *
The lemure hits you!
* * * LOW HITPOINT WARNING * * *
You don't have enough health to cast this spell.
You hit the lemure. You freeze the lemure.
The lemure is almost dead.
The lemure hits you.
You die...

#...#
#.#.#
#...#
#.#.#
#...#
##
#.#.#
..
#...#
#
#5###
#@5.#
#.#.#
#.#
#†..#
#.#
+.#.#
#.#
#...#
#.#
#.#.#
#.#
#...#
#.#
#.###
#.#
#...#


You could see 2 lemures.

Vanquished Creatures
  Sigmund (D:2)
  A bullfrog (D:3)
  A jelly (D:4)
  Natasha (thrice) (D:2)
  3 gnolls (D:3)
  7 adders
  2 worms (D:2)
  4 dart slugs
  An orc (D:3)
  8 endoplasms
  2 giant cockroaches (D:1)
  5 goblins
  8 hobgoblins
  3 quokkas
  6 ball pythons
  5 bats
  3 frilled lizards (D:1)
  9 kobolds
  9 rats
81 creatures vanquished.

Vanquished Creatures (collateral kills)
  An iguana (D:3)
  An adder (D:3)
  3 goblins (D:3)
  7 hobgoblins (D:3)
12 creatures vanquished.

Grand Total: 93 creatures vanquished

Notes
Turn   | Place    | Note
-------+----------+-------------------------------------------
     0 | D:1      | happo123 the Djinni Earth Elementalist began the quest for
                  | the Orb.
     0 | D:1      | Reached XP level 1. HP: 15/15 MP: 0/0
   153 | D:1      | Reached XP level 2. HP: 14/21 MP: 0/0
   196 | D:1      | Found a faded altar of an unknown god.
   549 | D:1      | Reached XP level 3. HP: 18/25 MP: 0/0
   549 | D:1      | Learned a level 1 spell: Slow
   865 | D:2      | Reached skill level 3 in Dodging
   865 | D:2      | Reached XP level 4. HP: 17/31 MP: 0/0
   906 | D:2      | Noticed Sigmund
   910 | D:2      | Killed Sigmund
   911 | D:2      | Reached skill level 1 in Fighting
   911 | D:2      | Reached skill level 1 in Unarmed Combat
   911 | D:2      | Reached XP level 5. HP: 8/37 MP: 0/0
   911 | D:2      | Learned a level 2 spell: Poisonous Vapours
   911 | D:2      | Reached XP level 6. HP: 9/42 MP: 0/0
  1175 | D:2      | Noticed Natasha
  1182 | D:2      | Killed Natasha
  1402 | D:2      | Noticed Natasha
  1407 | D:2      | Killed Natasha
  1408 | D:2      | Reached skill level 4 in Dodging
  1606 | D:2      | Noticed Natasha
  1612 | D:2      | Killed Natasha
  1841 | D:3      | Found a basalt altar of Yredelemnul.
  2056 | D:3      | Reached XP level 7. HP: 36/48 MP: 0/0
  2056 | D:3      | Learned a level 2 spell: Call Imp
  2154 | D:3      | Found a transporter.
  2164 | D:3      | Found a transporter.
  2173 | D:3      | Found a broken altar of Ashenzari.
  2867 | D:4      | Identified the +9 trident "Muntook" {freeze, rElec}
  2981 | D:4      | Noticed Pikel
  3003 | D:4      | HP: 1/49 [lemure[Pikel] (7)]
  3004 | D:4      | Slain by a lemure

Illustrated notes

Levels and vault maps discovered:
D:1:      dpeg_arrival_water_fire, layout_basic,
          hellmonk_ecumenical_altar_run_dry
D:2:      layout_loops_ring, grunt_ministairs_6, uniq_natasha, uniq_sigmund
D:3:      cheibrodos_greedy_goblins, layout_loops_cross,
          gammafunk_temple_overflow_arena, yredelemnul_altar_generic,
          kennysheep_generic_room_10
D:4:      layout_loops_ring, hangedman_minor_gate_pass, uniq_duvessa, uniq_pikel

Skill      XL: |  1  2  3  4  5  6  7 |
---------------+----------------------+-----
Stealth        | 2 3 |  3.8
Dodging        | 3 4 |  4.6
Fighting       | 1 2 |  2.1
Unarmed Combat | 1 2 |  2.0
Spellcasting   | 3 |  3.7
Evocations     | |  0.5

Action                   |  1- 3 |  4- 6 |  7- 9 || total
-------------------------+-------+-------+-------++-------
Melee: Trident           |       |       |    13 ||    13
 Cast: Sandblast         |    45 |    30 |     1 ||    76
       Stone Arrow       |       |    24 |    18 ||    42
       Call Imp          |       |       |     7 ||     7
       Poisonous Vapours |       |       |     1 ||     1
Armor: Robe              |     3 |     4 |     8 ||    15
Dodge: Dodged            |    11 |     9 |    36 ||    56

Table legend: (Time is in decaauts)
 A = Elapsed time spent in this place.
 B = Non-inter-level travel time spent in this place.
 C = Inter-level travel time spent in this place.
 D = Time resting spent in this place.
 E = Time spent auto-exploring this place.
 F = Levels seen in this place.
 G = Mean time per level.
                   A        B        C        D        E       F      G
               +--------+--------+--------+--------+--------+-----+--------+
         Total |   3006 |   1516 |   1490 |    403 |    534 |   4 |  751.5 |
       Dungeon |   3006 |   1516 |   1490 |    403 |    534 |   4 |  751.5 |
               +--------+--------+--------+--------+--------+-----+--------+

Top non-repeatable levels by time:
     D:2: 1020 daAuts
     D:3: 1018 daAuts
     D:1: 812 daAuts
     D:4: 154 daAuts
